[Event "Late-Titled-Tuesday-Blitz-October-24-2023"]
[Site "Chess.com"]
[Date "2023.10.24"]
[Round "4"]
[White "santosalberto1987"]
[Black "Emeraldddd"]
[Result "1/2-1/2"]
[WhiteElo "2435"]
[BlackElo "2606"]
[TimeControl "180+1"]
[EndTime "14:41:20 PDT"]
[Termination "Game drawn by stalemate"]

1. e4 c5 2. Nf3 e6 3. g3 a6 4. Bg2 b5 5. O-O Bb7 6. Qe2 Nf6 7. e5 Nd5 8. c3 d6 9. d4 Nd7 10. Nbd2 Qc7 11. Re1 dxe5 12. Nxe5 N7f6 13. Ndf3 Bd6 14. a4 c4 15. axb5 axb5 16. Rxa8+ Bxa8 17. Ng5 O-O 18. Nexf7 Rxf7 19. Qxe6 Bf8 20. Re5 h6 21. Nxf7 Qxf7 22. Qa6 Nc7 23. Qa7 Bxg2 24. Kxg2 Bd6 25. Re2 Qd5+ 26.
Kg1 Ne6 27. Qa6 Ng5 28. Bxg5 hxg5 29. Qc8+ Kh7 30. Qe6 b4 31. Qxd5 Nxd5 32. cxb4 Bxb4 33. Rc2 c3 34. bxc3 Bxc3 35. Rc1 Kg6 36. Rd1 Kf5 37. f3 g4 38. fxg4+ Ke4 39. Kg2 Ne3+ 40. Kf2 Nxd1+ 41. Ke2 Nb2 42. d5 Kxd5 43. Kf3 Bd2 44. h4 Nc4 45. g5 Ke5 46. Kg4 Nd6 47. Kh5 Ke6 48. Kg6 Ne8 49. h5 Bc3 50. h6 gxh6 51.
gxh6 Bh8 52. Kh7 Be5 53. g4 Kf6 54. Kg8 Kg6 55. h7 Nf6+ 56. Kf8 Nxh7+ 57. Ke7 Ng5 58. Kd7 Bg3 59. Kc6 Nf3 60. Kd5 Kg5 61. Ke4 Kxg4 62. Ke3 Ng5 63. Kd4 Bf4 64. Kd3 Kf5 65. Kd4 Nf3+ 66.
Kd3 Ke5 67. Ke2 Ke4 68. Kf2 Nd4 69. Kg2 Nf5 70. Kf2 Be3+ 71. Ke2 Ng3+ 72. Ke1 Kd3 73. Kd1 Bf2 74. Kc1 Bd4 75. Kd1 Ne2 76. Ke1 Be3 77.
Kf1 Nf4 78. Ke1 Ke4 79. Kf1 Kf3 80. Ke1 Bf2+ 81. Kf1 Bg3 82. Kg1 Ng2 83. Kf1 Bh2 1/2-1/2

[Event "Late-Titled-Tuesday-Blitz-October-24-2023"]
[Site "Chess.com"]
[Date "2023.10.24"]
[Round "4"]
[White "Ykow"]
[Black "FedaMaster"]
[Result "0-1"]
[WhiteElo "2526"]
[BlackElo "2670"]
[TimeControl "180+1"]
[EndTime "14:41:21 PDT"]
[Termination "FedaMaster won by resignation"]

1. e4 d5 2. exd5 Qxd5 3. Nf3 Bg4 4. Be2 Nc6 5. Nc3 Qd7 6. h3 Bxf3 7. Bxf3 O-O-O 8.
d3 Nd4 9. Be3 e5 10. Bxd4 Qxd4 11. Qd2 f5 12. a3 g6 13. O-O Bh6 14. Qe2 Nf6 15. Rfe1 Rhe8 16. g3 Bg7 17. Bg2 h5 18. Qf3 c6 19. Ne2 Qb6 20. a4 e4 21. dxe4 fxe4 22. Qf4 e3 23. a5 exf2+ 24. Qxf2 Qxf2+ 25. Kxf2 a6 26. Rad1 Nd7 27. c3 Be5 28. Nd4 Re7 29. Nf3 Rf8 30. Kg1 Bf6 31. Rxe7 Bxe7 32. h4 Kc7 33.
Nd4 Bc5 34. Be4 Ne5 35. Kg2 Bxd4 36. Rxd4 Rf6 37. Bc2 Ng4 38. Kg1 Ne3 39. Bd3 Rf3 40. Rf4 Rxg3+ 41. Kf2 Rh3 42. Bxg6 Ng4+ 43. Ke2 Rxh4 44.
Bxh5 Rxh5 45. Rxg4 Rh2+ 46. Kd3 Rxb2 47. Rg7+ Kd6 48.
c4 Kc5 49. Kc3 Rb1 50. Rg5+ Kd6 51. Rg7 Rc1+ 52. Kb4 c5+ 53. Kb3 Re1 54. Kc3 Re3+ 55. Kc2 Re7 56. Rg6+ Re6 57. Rg7 Kc6 58. Kc3 Re3+ 59.
Kb2 Re2+ 60. Kb3 Re3+ 61. Kb2 Re8 62. Rh7 Rd8 63. Kb3 Rd6 64. Kb2 Rd3 65. Kc2 Ra3 66. Rh6+ Kc7 67. Rh7+ Kb8 68. Rh8+ Ka7 69. Rc8 Rxa5 70.
Kb3 Kb6 71. Kb2 Ra4 72. Kb3 Rb4+ 73. Kc3 a5 74. Rh8 a4 75. Rh6+ Ka5 76. Rh8 Rb3+ 77.
Kc2 Kb4 78. Ra8 Rc3+ 79. Kb2 Rxc4 80. Ra7 b5 81. Ka2 Rc2+ 82. Kb1 Rh2 83. Rg7 c4 84. Rg3 c3 85. Rg5 Kc4 86. Rf5 b4 0-1

[Event "Late-Titled-Tuesday-Blitz-October-24-2023"]
[Site "Chess.com"]
[Date "2023.10.24"]
[Round "4"]
[White "Kirill_Klukin"]
[Black "victormago"]
[Result "1-0"]
[WhiteElo "2641"]
[BlackElo "2421"]
[TimeControl "180+1"]
[EndTime "14:41:23 PDT"]
[Termination "Kirill_Klukin won on time"]

1. d4 Nf6 2. c4 c5 3. d5 e6 4. Nc3 exd5 5. cxd5 d6 6. Nf3 g6 7. Bf4 a6 8. a4 Bg7 9. e3 O-O 10. h3 Re8 11. Nd2 Nh5 12. Bh2 Be5 13. Bxe5 Rxe5 14.
Be2 Nf6 15. Nc4 Re7 16. O-O Ne8 17. e4 Nd7 18. f4 Nb6 19. Nd2 Rb8 20. Qc2 Bd7 21.
Rfe1 Nc8 22. a5 Na7 23. Nf3 Nb5 24. Nxb5 Bxb5 25. Bxb5 axb5 26. Qd3 c4 27. Qd4 Ra8 28. Qc3 b6 29. Nd4 Qc7 30. Nc6 Rd7 31. axb6 Qxb6+ 32. Kh2 Rc8 33. Qe3 Qxe3 34. Rxe3 Kg7 35. Kg3 Nf6 36. Kf3 Re8 37. g4 Rb7 38. g5 Nd7 39. e5 dxe5 40. fxe5 Nb6 41. d6 Rd7 42.
Rd1 Na4 43. Re2 Nc5 44. Nb4 Ne6 45. h4 h6 46. Kg4 hxg5 47. hxg5 Rh8 48. Rf1 Rh5 49.
Kf3 Rxg5 50. Ke4 Rg4+ 51. Kd5 Rd4+ 52. Kc6 Rd8 53. Ref2 Ng5 54. Nd5 Re4 55. Nc7 Rxe5 56. Nxb5 c3 57. bxc3 Rc8+ 58. Kd7 Rc4 59. Nc7 Rxc3 60.
Ne8+ Kf8 61. Nf6 Rd3 62. Ra1 Kg7 63. Ra8 Re6 64. Rg8+ Kh6 65. Rh2+ Rh3 66. Rxh3+ Nxh3 67. Nd5 Ng5 68. Nc7 Re1 69. Kc8 Rd1 70. d7 Ne4 71. Ne8 Rc1+ 72. Kd8 Nc5 73. Nf6 Ne6+ 74. Ke7 Rc7 75.
Kxf7 1-0

[Event "Late-Titled-Tuesday-Blitz-October-24-2023"]
[Site "Chess.com"]
[Date "2023.10.24"]
[Round "4"]
[White "chess94cu"]
[Black "whiteglovethief"]
[Result "1/2-1/2"]
[WhiteElo "2645"]
[BlackElo "2528"]
[TimeControl "180+1"]
[EndTime "14:41:26 PDT"]
[Termination "Game drawn - insufficient material"]

1. Nf3 d5 2. c4 e6 3. d4 h6 4.
Nc3 Nf6 5. g3 Bd6 6. Bg2 Nc6 7.
O-O O-O 8. Bf4 Bxf4 9. gxf4 dxc4 10. e3 Nd5 11. Rc1 a6 12. Ne4 b5 13. b3 Na5 14.
Nfd2 cxb3 15. axb3 Bb7 16. Nc5 b4 17. Nde4 Bc6 18. Qc2 Qe7 19. Rfe1 f5 20. Ra1 fxe4 21.
Rxa5 Nc3 22. Nxe4 Bxe4 23. Bxe4 Rac8 24. Rc5 Qd6 25. Kh1 Rb8 26. Rg1 Rb5 27. Rxb5 axb5 28.
Bf3 c5 29. Qg6 Rf7 30. Bh5 Re7 31. Ra1 Qc6+ 32. Qg2 Qxg2+ 33. Kxg2 c4 34. Bg6 Rf7 35. Bxf7+ Kxf7 36. bxc4 bxc4 37. Ra7+ Kf6 38. Rc7 b3 39. Rxc4 b2 40. Rb4 b1=Q 41. Rxb1 Nxb1 42. Kf3 Nd2+ 43. Ke2 Ne4 44. Kf3 Kf5 45. h3 g5 46.
fxg5 hxg5 47. Ke2 Nd6 48. f3 Nf7 49. Kf2 Nd6 50. Kg3 Kg6 51. f4 Nf5+ 52. Kf3 gxf4 53.
Kxf4 Kf6 54. Ke4 Ng3+ 55. Kf4 Nf5 56. Ke4 Nd6+ 57. Kf4 Nb5 58. h4 Nc3 59. e4 Ne2+ 60. Ke3 Ng3 61. Kf4 Nh5+ 62. Kg4 Kg6 63. e5 Ng7 64. Kf4 Kh5 65. Ke4 Kxh4 66. d5 exd5+ 67. Kxd5 Kg5 68. e6 Kf6 69. e7 Kxe7 1/2-1/2

[Event "Late-Titled-Tuesday-Blitz-October-24-2023"]
[Site "Chess.com"]
[Date "2023.10.24"]
[Round "4"]
[White "cthake"]
[Black "YellowJacek"]
[Result "0-1"]
[WhiteElo "1925"]
[BlackElo "2299"]
[TimeControl "180+1"]
[EndTime "14:41:32 PDT"]
[Termination "YellowJacek won by checkmate"]

1. c4 e5 2. Nc3 Nc6 3. g3 g6 4. Bg2 Bg7 5. d3 Nge7 6. e4 Nd4 7. Nge2 Nec6 8. O-O d6 9. Be3 O-O 10. Qd2 Nxe2+ 11. Nxe2 Be6 12. b3 Qd7 13. Rad1 f5 14.
f4 fxe4 15. dxe4 Bg4 16. c5 Nd4 17. Bxd4 exd4 18. cxd6 Qxd6 19. Qd3 c5 20. h3 Bxe2 21. Qxe2 Rad8 22. e5 Qc7 23. Qc4+ Kh8 24. e6 Rfe8 25.
Rfe1 Qd6 26. Bxb7 g5 27. Re4 gxf4 28. gxf4 Re7 29. Ba6 Rde8 30. Bb5 Rxe6 31. Rxe6 Rxe6 32. Rf1 Rg6+ 33. Kh2 Bh6 34. Qf7 Rg8 35.
Bd3 Rg7 36. Qe8+ Rg8 37. Qf7 Bg7 38. Qh5 Qh6 39. Qxc5 Bf6 40. Qxa7 Qh4 41. Qxh7+ Qxh7 42. Bxh7 Kxh7 43. Rf3 Rc8 44. Kg3 Kg6 45. a4 Kf5 46.
a5 Rg8+ 47. Kf2 Bh4+ 48. Ke2 Rc8 49. Rd3 Ke4 50. Rd1 Rc2+ 51. Kf1 d3 52. a6 Ra2 53. Rb1 Rxa6 54. b4 Rf6 55. b5 Rxf4+ 56. Kg2 Rf2+ 57. Kg1 Rf7 58. b6 Bg3 59. Kg2 Bb8 60. h4 Ke3 61.
h5 d2 62. h6 Rh7 63. b7 Rxh6 64. Kf1 Rf6+ 65. Kg2 Ke2 66. Rb2 Ke1 67. Rb1+ d1=Q 68. Rxd1+ Kxd1 69. Kh3 Rf7 70. Kg4 Rxb7 71. Kh5 Ba7 72.
Kg6 Re7 73. Kf5 Bc5 74. Kf6 Kd2 75. Kg6 Kd3 76. Kf5 Kd4 77. Kg4 Rf7 78. Kg3 Ke5 79. Kg2 Ke4 80. Kg3 Rg7+ 81. Kh4 Kf4 82. Kh5 Bb4 83.
Kh6 Rg2 84. Kh7 Kf5 85. Kh6 Rg1 86. Kh7 Kf6 87. Kh8 Kf7 88. Kh7 Rh1# 0-1

[Event "Late-Titled-Tuesday-Blitz-October-24-2023"]
[Site "Chess.com"]
[Date "2023.10.24"]
[Round "4"]
[White "Cipy77"]
[Black "Karacsonyi_Gellert"]
[Result "0-1"]
[WhiteElo "2574"]
[BlackElo "2753"]
[TimeControl "180+1"]
[EndTime "14:41:48 PDT"]
[Termination "Karacsonyi_Gellert won by resignation"]

1. e4 c5 2. Nf3 Nc6 3. Nc3 g6 4. d4 cxd4 5. Nxd4 Bg7 6. Be3 Nf6 7. Bc4 O-O 8. Bb3 Re8 9. O-O d6 10. h3 Na5 11. f4 b6 12. e5 Nxb3 13. axb3 dxe5 14.
fxe5 Nd5 15. Qf3 Nxe3 16. Qxe3 Bb7 17. Rad1 Qc8 18. e6 f5 19. Nf3 Bc6 20. b4 Rd8 21. b5 Bxf3 22. Rxd8+ Qxd8 23. Qxf3 Qd4+ 24. Kh1 Rc8 25. Rd1 Qe5 26. Qb7 Qxe6 27. Nd5 Re8 28. Nc7 Qe2 29. Qd5+ e6 30. Qd7 Re7 31. Qd8+ Kf7 32.
Na6 Be5 33. Nb4 Bc7 34. Qd4 e5 35. Qd5+ Kg7 36. Nc6 Rf7 37. c4 Qe4 38. Qxe4 fxe4 39. Re1 Rf2 40. b4 e3 41. Nxa7 e4 42. Kg1 Rc2 43. Rxe3 Rxc4 44. Nc6 Bf4 45. Re2 e3 46. g3 Rc1+ 47. Kg2 Bg5 48. h4 Bh6 49. Nd4 Rb1 50.
Nc2 Rb3 51. Kf3 Kf6 52. Nxe3 Bxe3 53. Rxe3 Rxb4 54. Rc3 Rxb5 55. Rc7 h5 56. Kf4 Rb4+ 57. Kf3 Kf5 58. Rc6 Rb3+ 59. Kf2 b5 60. Rc5+ Kf6 61. Rc6+ Kg7 62. Rb6 Rb1 63. Rb7+ Kf6 64. Rb6+ Kf5 65.
Rb8 Kg4 66. Rb6 Rb2+ 67. Ke3 Kxg3 68. Rxg6+ Kxh4 69. Kf4 Rb4+ 70. Kf3 Rb3+ 71. Kf4 Rb1 72. Kf3 Rf1+ 73. Ke2 Rf5 74. Rg2 Rg5 75. Rh2+ Kg3 76.
Rh1 Kg2 77. Rh4 Re5+ 78. Kd3 Kg3 79. Rh1 h4 80. Kd4 Rh5 81. Rb1 h3 82. Ke3 h2 83.
Rh1 Kg2 0-1

[Event "Late-Titled-Tuesday-Blitz-October-24-2023"]
[Site "Chess.com"]
[Date "2023.10.24"]
[Round "4"]
[White "MaxLeto"]
[Black "BardArtem"]
[Result "1-0"]
[WhiteElo "2565"]
[BlackElo "2696"]
[TimeControl "180+1"]
[EndTime "14:42:01 PDT"]
[Termination "MaxLeto won by resignation"]

1. g4 a5 2. Bg2 Ra6 3. d4 d5 4. c4 dxc4 5. Na3 e5 6. dxe5 Qxd1+ 7. Kxd1 Nc6 8. Nxc4 Be6 9. Bxc6+ Rxc6 10. Nxa5 Ra6 11. Bd2 b6 12. Rc1 bxa5 13. Rxc7 Ne7 14. b3 a4 15. bxa4 Rxa4 16. h3 Rxa2 17. Nf3 Nd5 18.
Rb7 Ba3 19. Rb8+ Kd7 20. Rxh8 Ra1+ 21. Kc2 Rxh1 22. Rxh7 Bf8 23. Ng5 Rh2 24. f4 Ke8 25. f5 Bd7 26. e4 Ne7 27. Kd3 Nc6 28. Bf4 Rf2 29. Ke3 Bc5+ 30. Kd3 Rxf4 31. Rxg7 Nxe5+ 32. Kc3 Ke7 33. Nh7 Rf3+ 34. Kc2 Ba4+ 35. Kb2 Bd4+ 36.
Ka2 Rf2+ 37. Ka3 Bd7 38. g5 Nc4+ 39. Kb4 Nd6 40. f6+ Ke6 41. Nf8+ Ke5 42. Nxd7+ Kxe4 43. Ka5 Rb2 44. Rg8 Kd5 45. Rd8 Kc6 46. Nb8+ Kc7 47. Rf8 Rxb8 48. Rxb8 Kxb8 49. h4 Kc7 50. h5 Kd7 51. h6 Ne8 52. h7 Nxf6 53. h8=Q Bc3+ 54.
Ka4 Nd5 55. Qg8 Ke6 56. Qe8+ Ne7 57. Kb3 Be5 58. Qb5 Bf4 59. Qa5 Nd5 60. Qa6+ Ke5 61. Qh6 Kf5 62. Qh7+ Kxg5 63. Qxf7 Ne3 64. Qg8+ Kf5 65.
Kc3 Ng4 66. Qf7+ Nf6 67. Qf8 Be5+ 68. Kc2 Bf4 69. Qc8+ Kg5 70. Kd1 Ng4 71. Ke2 Ne5 72. Kf2 Kf6 73. Qc7 Kf5 74. Qc8+ Kf6 75. Qf8+ Kg5 76. Qg8+ Kf5 77. Qh7+ Kg5 78. Kg2 Kg4 79. Qg7+ Kf5 80. Kh3 Bg5 81. Qh7+ Kf6 82. Qh5 Kf5 83.
Qe8 Bf6 84. Qh5+ Ke6 85. Kg3 Be7 86. Kf4 Bf6 87. Qf5+ Ke7 88. Ke4 Nd7 89. Kd5 Ne5 90.
Qe6+ Kf8 91. Qxf6+ Kg8 92. Qxe5 Kh7 93. Qg3 1-0

[Event "Late-Titled-Tuesday-Blitz-October-24-2023"]
[Site "Chess.com"]
[Date "2023.10.24"]
[Round "4"]
[White "ATM622"]
[Black "Iball95"]
[Result "1/2-1/2"]
[WhiteElo "2418"]
[BlackElo "2806"]
[TimeControl "180+1"]
[EndTime "14:42:07 PDT"]
[Termination "Game drawn - insufficient material"]

1. d4 d5 2. c4 e6 3. Nf3 Nf6 4. g3 c5 5. Bg2 cxd4 6. Nxd4 Bc5 7. cxd5 O-O 8. O-O Nxd5 9. a3 Bb6 10. Nf3 Nc6 11. Nbd2 Bd7 12. Nc4 Bc7 13. e4 Nb6 14. Ne3 Ne5 15. Nxe5 Bxe5 16. f4 Bc7 17. f5 Bc6 18.
Qb3 Qd4 19. fxe6 fxe6 20. Qxe6+ Kh8 21. Rd1 Qc5 22. b4 Qc3 23. Bd2 Qd3 24. Rac1 Rae8 25. Qg4 Nd7 26. Nf5 Rxf5 27. Qxf5 Rf8 28. Qh5 Bb6+ 29. Kh1 Nf6 30. Qf3 Qxf3 31. Bxf3 Nxe4 32. Kg2 Rxf3 33. Kxf3 Nxd2+ 34. Kf4 Nb3 35. Rc3 Nd4 36.
Rcd3 Ne2+ 37. Ke5 h6 38. Re1 Bb5 39. Rd5 Nc3 40. Rd2 Bc6 41. Rc1 Ne4 42. Rdc2 Nf6 43. h3 Kh7 44. g4 Kg6 45. Ke6 Kg5 46. Kf7 Bd4 47. Rd1 Bd5+ 48. Kf8 Bb3 49. Rxd4 Bxc2 50. Kxg7 Be4 51. Rd6 Nd5 52. Rxh6 Nf4 53. Rd6 Nxh3 54. Kf7 Kxg4 55. Ke7 Kf5 56. Kd8 Ke5 57. Kc7 Nf4 58.
Rh6 Ne6+ 59. Kb8 a6 60. a4 Nd4 61. Kc7 Kd5 62. Kxb7 Bd3 63. Kb6 Nc2 64. Ka5 Nd4 65. Rh5+ Kc6 66. Rh6+ Kc7 67. b5 axb5 68. axb5 Nxb5 69.
Rh3 Bc4 70. Kb4 Nd6 71. Kc5 Be6 72. Rh7+ Bd7 73. Re7 Nb7+ 74. Kd5 Nd8 75. Rh7 Nc6 76. Kc5 Ne5 77. Rg7 Nd3+ 78. Kd4 Nf4 79. Ke5 Ne6 80. Rh7 Kc6 81. Rh1 Nc5 82. Rc1 Kb5 83. Rb1+ Ka5 84. Kd5 Na4 85. Kc4 Be6+ 86. Kd4 Bf5 87.
Rb8 Nb6 88. Rxb6 Kxb6 1/2-1/2

[Event "Late-Titled-Tuesday-Blitz-October-24-2023"]
[Site "Chess.com"]
[Date "2023.10.24"]
[Round "4"]
[White "Deeper44"]
[Black "Lion-Al-Messi"]
[Result "1-0"]
[WhiteElo "2546"]
[BlackElo "2657"]
[TimeControl "180+1"]
[EndTime "14:42:17 PDT"]
[Termination "Deeper44 won by resignation"]

1. d4 d5 2. c4 c6 3. Nf3 Nf6 4. g3 Bf5 5. Bg2 e6 6. Qb3 Qb6 7. c5 Qxb3 8. axb3 Nbd7 9. b4 a6 10. Nc3 Rc8 11. h3 h6 12. g4 Bh7 13. Bf4 Ne4 14. e3 g5 15. Bh2 Bg7 16. O-O f5 17. Nxe4 dxe4 18. Nd2 Nf6 19. Nc4 O-O 20. Bd6 Rfe8 21. Nb6 Rcd8 22. Bc7 fxg4 23. Bxd8 Rxd8 24. b5 gxh3 25. Bxh3 g4 26. Bg2 cxb5 27. Rfc1 Nd5 28. Nxd5 exd5 29. c6 bxc6 30. Rxa6 h5 31. Raxc6 Bf5 32.
Rc7 h4 33. R1c5 g3 34. fxg3 hxg3 35. Rxb5 Bh6 36. Rb3 Ra8 37. Bf1 Bg4 38. Kg2 Bf8 39.
Rcb7 Bd6 40. R7b6 Bf3+ 41. Kh3 Rd8 42. Bg2 Kf7 43. Rxd6 Bxg2+ 44. Kxg2 Rxd6 45. Kxg3 Rf6 46. Rc3 Rf3+ 47. Kg4 Ke6 48. b4 Kd6 49. b5 Rf1 50. Rb3 Kc7 51. b6+ Kb7 52. Kg5 Rf3 53. Kg4 Rf1 54. Kh3 Rf3+ 55. Kg2 Rf6 56. Kg3 Rxb6 57.
Rxb6+ Kxb6 58. Kf4 Kb5 59. Ke5 Kc4 60. Kd6 Kd3 61.
Kxd5 Kxe3 62. Kc5 Kf4 63. d5 e3 64. d6 e2 65. d7 e1=Q 66. d8=Q Qc3+ 67. Kb5 Qb3+ 68. Kc5 Qa3+ 69. Kb5 Qb2+ 70. Kc5 Qe5+ 71. Kc6 Qc3+ 72. Kd7 Qd4+ 73. Kc8 Qe4 74. Qc7+ Kf5 75. Qd7+ Kf6 76. Qd8+ Kf7 77. Qd7+ Kf6 78. Qd6+ Kf5 79. Qf8+ Kg4 80. Qg7+ Kf3 81. Qf6+ Ke3 82. Qb6+ Kd3 83. Qc7 Qa8+ 84. Qb8 Qd5 85. Qc7 Qg5 86. Qd7+ Kc4 87. Qc7+ Kb5 88. Qb7+ Kc5 89. Qc7+ Kd5 90. Qa5+ Ke4 91.
Qxg5 1-0

[Event "Late-Titled-Tuesday-Blitz-October-24-2023"]
[Site "Chess.com"]
[Date "2023.10.24"]
[Round "4"]
[White "jimis98"]
[Black "ikhasu"]
[Result "1-0"]
[WhiteElo "2749"]
[BlackElo "2399"]
[TimeControl "180+1"]
[EndTime "14:42:25 PDT"]
[Termination "jimis98 won on time"]

1. e4 c5 2. Nf3 a6 3. c3 g6 4.
d4 cxd4 5. cxd4 d5 6. exd5 Nf6 7.
Bc4 Bg7 8. Nc3 O-O 9. a4 Nbd7 10. a5 Qc7 11. Bb3 b5 12. axb6 Nxb6 13. Bg5 Bb7 14.
Bxf6 Bxf6 15. O-O Rfd8 16. Qe2 Nxd5 17. Nxd5 Bxd5 18. Bxd5 Rxd5 19. Rxa6 Rxa6 20. Qxa6 Bxd4 21. b4 Kg7 22. Nxd4 Rxd4 23. Rb1 Qc2 24. Qa1 e5 25.
b5 f6 26. b6 Rf4 27. Rf1 Rb4 28. Qa7+ Kh6 29. Qb8 Qc5 30. b7 Qe7 31. h4 Rxb7 32. Qc8 Rb4 33. g3 e4 34. Qc1+ Kg7 35. Re1 Rb5 36. Qf4 Re5 37. Kh2 h5 38. Re2 Qb4 39. Re3 Qd4 40. Kg2 Qd5 41. Kg1 Qe6 42. Re2 Qc4 43.
Re1 Qd3 44. Rc1 Re7 45. Rc7 Qd1+ 46. Kh2 Qd8 47. Rc6 Re5 48. Rc4 Qe7 49. Rc3 Qf7 50.
Qe3 Re7 51. Kg1 Qe6 52. Rc5 Qd6 53. Ra5 Qd1+ 54. Kh2 Qc2 55. Ra6 Qd3 56. Ra3 Qxe3 57.
Rxe3 f5 58. Kg2 Rd7 59. Ra3 Kf6 60. Ra6+ Kf7 61. Ra5 Ke6 62. Ra6+ Rd6 63. Ra7 Kd5 64. Ra5+ Kd4 65. Ra4+ Kd3 66. Ra3+ Ke2 67. Re3+ Kd2 68. Ra3 Ke2 69. Re3+ Kd1 70. Ra3 Kd2 71. Kf1 Rc6 72. Kg2 Ke2 73. Re3+ Kd2 74. Ra3 Re6 75. Re3 Re5 76.
Kf1 Re7 77. Re2+ Kd3 78. Re3+ Kd4 79. Kg2 Rc7 80. Ra3 Rc6 81. Ra4+ Kd3 82. Ra3+ Kd2 83. Kf1 Rc1+ 84. Kg2 Rc6 85. Kf1 Rd6 86. Kg2 Rd3 87.
Ra6 e3 88. fxe3 Kxe3 89. Re6+ Kd4 90. Rxg6 Ke4 91. Re6+ Kd4 92. Re1 Rd2+ 93. Kf3 Ra2 94. Kf4 1-0

[Event "Late-Titled-Tuesday-Blitz-October-24-2023"]
[Site "Chess.com"]
[Date "2023.10.24"]
[Round "4"]
[White "Hasangatin_Ramil"]
[Black "zajka-molotok"]
[Result "1/2-1/2"]
[WhiteElo "2700"]
[BlackElo "2554"]
[TimeControl "180+1"]
[EndTime "14:42:28 PDT"]
[Termination "Game drawn - insufficient material"]

1. e4 c5 2. Nf3 Nc6 3. Bb5 g6 4. O-O Bg7 5. c3 e5 6. d4 cxd4 7. cxd4 Nxd4 8. Nxd4 exd4 9. f4 Ne7 10. f5 Nc6 11. f6 Bf8 12. Bc4 Bc5 13. Bh6 Ne5 14. Bd5 d6 15. Bg7 Rg8 16. Qb3 Qb6 17. Nd2 Bd7 18. Bxb7 Rb8 19. Qxb6 Bxb6 20. Bd5 Bb5 21. Rfc1 d3+ 22. Kh1 Bd4 23. Rab1 Ng4 24. h3 Bxf6 25. hxg4 Rxg7 26. Nf3 Bd7 27. g5 Bxb2 28. Rd1 Rb6 29. Rxd3 Ke7 30. Bb3 Be5 31. Rbd1 Be6 32. Kg1 Bxb3 33.
axb3 Ke6 34. Kf2 Rg8 35. Rc1 Re8 36. Rc7 Re7 37. Rc8 Reb7 38. Re8+ Kd7 39. Rg8 Ke6 40. Re8+ Re7 41. Ra8 Rb4 42. Ke3 Bg7 43. Nd4+ Bxd4+ 44. Rxd4 Rxb3+ 45. Kf4 Rb2 46. Rd8 Rd7 47. Re8+ Re7 48.
Rd8 Rb6 49. g4 a5 50. Ra8 Rb5 51. Ra4 Reb7 52. R8xa5 Rxa5 53. Rxa5 Rb1 54. Ra7 Rf1+ 55. Ke3 Re1+ 56. Kf4 Rf1+ 57. Ke3 Rg1 58. Kf4 Rh1 59.
Ra8 Rf1+ 60. Ke3 Rh1 61. Kf4 h6 62. gxh6 Rxh6 63. g5 Rh4+ 64. Kf3 Ke5 65. Re8+ Kd4 66. Re7 Rh3+ 67. Kf4 Rh4+ 68. Kf3 Rh5 69. Kg4 Rh1 70. Rxf7 Kxe4 71. Re7+ Kd5 72. Rg7 Rg1+ 73. Kf4 Rf1+ 74. Kg4 Rg1+ 75. Kf4 Rf1+ 76. Ke3 Rf5 77. Rxg6 Ke5 78.
Rg8 d5 79. Re8+ Kd6 80. g6 Rg5 81. Rg8 Ke6 82. Kf4 Rf5+ 83. Kg4 Rf1 84. Kg5 Rg1+ 85.
Kh6 Rh1+ 86. Kg7 d4 87. Rd8 Ke5 88. Kf7 Rf1+ 89. Ke7 Rg1 90. Rg8 Ke4 91. g7 d3 92.
Kf7 Kf3 93. Rd8 Rxg7+ 94. Kxg7 Ke2 95. Re8+ Kf1 96. Rd8 Ke2 97. Re8+ Kf1 98. Rf8+ Ke2 99. Rd8 d2 100. Rxd2+ Kxd2 1/2-1/2

[Event "Late-Titled-Tuesday-Blitz-October-24-2023"]
[Site "Chess.com"]
[Date "2023.10.24"]
[Round "4"]
[White "carloseduar100"]
[Black "Defend1r"]
[Result "1-0"]
[WhiteElo "2301"]
[BlackElo "2482"]
[TimeControl "180+1"]
[EndTime "14:42:31 PDT"]
[Termination "carloseduar100 won by resignation"]

1. d4 f6 2. g3 g6 3. Bg2 Nh6 4. e4 Nf7 5. Ne2 Bg7 6. O-O O-O 7. c3 e5 8. Kh1 b6 9. f4 Bb7 10. fxe5 fxe5 11. d5 a5 12. Na3 Na6 13. Nc4 Nc5 14. Be3 Ba6 15. Nd2 a4 16. c4 Nd6 17. Qc2 Qe7 18. b4 axb3 19. axb3 Rxf1+ 20. Bxf1 Bb7 21.
Rxa8+ Bxa8 22. b4 Na6 23. c5 Nxb4 24. cxd6 Nxc2 25. dxe7 Kf7 26. Bf2 Kxe7 27. Nc3 Bb7 28. Kg2 d6 29. Na2 Bh6 30. Nc4 Ba6 31. Bd3 Bxc4 32. Bxc4 Ne3+ 33. Bxe3 Bxe3 34. Nb4 Bg5 35. Kf3 h6 36. Bb5 Bf6 37. Na6 Kd8 38. Bc6 Be7 39. h4 h5 40. Nb4 Bf6 41. Nc2 Ke7 42.
Ne3 Kf7 43. Nc4 Ke7 44. Na3 Kd8 45. Nc2 Ke7 46. Kg2 Kd8 47. Kh3 Ke7 48. g4 hxg4+ 49.
Kxg4 Kf7 50. Ne3 Kg7 51. Nf1 Kh6 52. Ng3 Kg7 53. h5 gxh5+ 54. Nxh5+ Kf7 55. Kf5 Bh4 56. Bb5 Be7 57. Ng3 Bh4 58. Kg4 Bd8 59. Nf5 Kg6 60. Ne3 Kf7 61. Kf5 Bh4 62. Ng4 Bd8 63.
Nh6+ Kg7 64. Ng4 Kf7 65. Bd7 Bh4 66. Be6+ Kg7 67. Ne3 b5 68. Nc2 Bf2 69. Bd7 Bc5 70. Bxb5 Kf7 71. Bc6 Ke7 72. Na1 Bd4 73. Nb3 Bb6 74. Nd2 Be3 75. Nc4 Bc5 76. Bb7 Bb4 77. Bc8 Bc5 78. Na5 Bb6 79. Nc6+ Kf7 80. Be6+ Kg7 81. Ne7 Kf8 82. Ng6+ Kg7 83. Nh4 Kf8 84. Bd7 Ke7 85. Bc6 Kd8 86. Nf3 Kc8 87. Ke6 Kd8 88.
Ng5 Bc5 89. Nf7+ Kc8 90. Ke7 Bb6 91. Nxd6+ cxd6 92. Kxd6 Bc7+ 93. Ke6 Kd8 94. d6 Ba5 95. Kxe5 Bc3+ 96. Kd5 Be1 97. e5 Bh4 98. e6 Bg5 99.
Ke5 Bh4 100. Kf5 Be7 101. dxe7+ Kxe7 102. Bd7 Kf8 103. Kf6 Kg8 104. e7 Kh7 105. e8=Q 1-0

[Event "Late-Titled-Tuesday-Blitz-October-24-2023"]
[Site "Chess.com"]
[Date "2023.10.24"]
[Round "5"]
[White "DanielNaroditsky"]
[Black "MatthewG-p4p"]
[Result "1/2-1/2"]
[WhiteElo "3204"]
[BlackElo "2929"]
[TimeControl "180+1"]
[EndTime "14:49:59 PDT"]
[Termination "Game drawn by agreement"]

1. d4 d5 2. Nc3 Nf6 3. Bf4 c5 4. e3 Bg4 5. Be2 Bxe2 6. Ncxe2 Nc6 7.
Nf3 e6 8. c3 Bd6 9. O-O O-O 10.
Bxd6 Qxd6 11. Nf4 Ne4 12. dxc5 Qxc5 1/2-1/2

[Event "Late-Titled-Tuesday-Blitz-October-24-2023"]
[Site "Chess.com"]
[Date "2023.10.24"]
[Round "5"]
[White "ElCoachRene"]
[Black "jcmesafischer"]
[Result "0-1"]
[WhiteElo "2026"]
[BlackElo "2309"]
[TimeControl "180+1"]
[EndTime "14:50:58 PDT"]
[Termination "jcmesafischer won by resignation"]

1. Nf3 d5 2. d4 Nf6 3. Bf4 c5 4.
c3 Nc6 5. e3 Qb6 6. Qc1 Bf5 7.
Nbd2 h6 8. h3 e6 9. Be2 Be7 10.
O-O O-O 11. Ne5 Nxe5 12. Bxe5 Nd7 13. Bf4 Rfe8 14. b3 Rac8 15. Qb2 Qa5 16. a4 cxd4 17.
cxd4 Bb4 18. Rac1 Bxd2 0-1

[Event "Late-Titled-Tuesday-Blitz-October-24-2023"]
[Site "Chess.com"]
[Date "2023.10.24"]
[Round "5"]
[White "WPWPWP-2015"]
[Black "hblanco"]
[Result "1-0"]
[WhiteElo "2592"]
[BlackElo "2730"]
[TimeControl "180+1"]
[EndTime "14:51:19 PDT"]
[Termination "WPWPWP-2015 won by resignation"]

1. e4 e5 2. Nf3 Nc6 3. Bb5 f5 4. d3 fxe4 5. dxe4 Nf6 6. Qe2 Bb4+ 7. Bd2 Bxd2+ 8. Nbxd2 d6 9. h3 Be6 10. O-O Qe7 11. c3 O-O 12. Ng5 Kh8 13. Nxe6 Qxe6 14. Bc4 Qe8 15. a4 Ne7 16. g3 a6 17. a5 Qc6 18. Bd3 Nd7 19. Bc2 Rf6 20. Ba4 1-0

[Event "Late-Titled-Tuesday-Blitz-October-24-2023"]
[Site "Chess.com"]
[Date "2023.10.24"]
[Round "5"]
[White "Zhbugnoimt"]
[Black "Balla_Tamas"]
[Result "1-0"]
[WhiteElo "2544"]
[BlackElo "2338"]
[TimeControl "180+1"]
[EndTime "14:51:27 PDT"]
[Termination "Zhbugnoimt won by resignation"]

1. e4 c5 2. Nf3 Nc6 3. Bb5 Nf6 4.
e5 Nd5 5. O-O g6 6. Re1 Bg7 7.
d3 O-O 8. Nbd2 Nc7 9. Bxc6 dxc6 10. Ne4 b6 11. a4 a5 12. Be3 Bf5 13. Ng3 Be6 14. Qd2 Qd7 15. Bh6 Ne8 16. h3 Bxh6 17.
Qxh6 Ng7 18. Ng5 1-0

[Event "Late-Titled-Tuesday-Blitz-October-24-2023"]
[Site "Chess.com"]
[Date "2023.10.24"]
[Round "5"]
[White "ural58"]
[Black "yosephtaher"]
[Result "0-1"]
[WhiteElo "2515"]
[BlackElo "2757"]
[TimeControl "180+1"]
[EndTime "14:51:50 PDT"]
[Termination "yosephtaher won by resignation"]

1. e4 c5 2. Nf3 g6 3. d4 cxd4 4. Qxd4 Nf6 5. Bb5 a6 6. Ba4 b5 7.
Bb3 Nc6 8. Qe3 d6 9. a4 b4 10. a5 Bg7 11. Ba4 Bd7 12. Nd4 Nxd4 13. Qxd4 Rb8 14.
O-O O-O 15. Rd1 Qxa5 16. Ra2 Bxa4 17. b3 Qh5 18. Rxa4 Nxe4 19. Qd3 Nc5 0-1

[Event "Late-Titled-Tuesday-Blitz-October-24-2023"]
[Site "Chess.com"]
[Date "2023.10.24"]
[Round "5"]
[White "miraitrunks"]
[Black "Inepton_Fermion"]
[Result "0-1"]
[WhiteElo "2113"]
[BlackElo "2361"]
[TimeControl "180+1"]
[EndTime "14:52:03 PDT"]
[Termination "Inepton_Fermion won by resignation"]

1. e4 c5 2. c3 d5 3. exd5 Qxd5 4.
d4 Nf6 5. Nf3 e6 6. Na3 a6 7. Nc4 Nbd7 8. Ne3 Qc6 9. Bd3 Be7 10. O-O O-O 11. Ne5 Qc7 12. N3g4 Nxg4 13. Qxg4 Nxe5 14. dxe5 Qxe5 15. Bf4 Qf6 16. Be5 Qxe5 0-1

[Event "Late-Titled-Tuesday-Blitz-October-24-2023"]
[Site "Chess.com"]
[Date "2023.10.24"]
[Round "5"]
[White "NateSolon"]
[Black "Casper"]
[Result "0-1"]
[WhiteElo "2650"]
[BlackElo "2466"]
[TimeControl "180+1"]
[EndTime "14:52:31 PDT"]
[Termination "Casper won by resignation"]

1. d4 Nf6 2. Bf4 g6 3. Nf3 Bg7 4. e3 O-O 5. Be2 b6 6. O-O Bb7 7. h3 c5 8. c4 cxd4 9. exd4 d5 10. cxd5 Nxd5 11. Be5 Nc6 12. Bxg7 Kxg7 13. Nc3 Rc8 14. Rc1 Nf4 15. Bb5 a6 16. Ba4 b5 17. Bb3 Nb4 18. Ne1 Qd7 19. Qd2 Qf5 20. a3 Qg5 21. Kh2 Nbd3 22. g3 Nxc1 23. gxf4 Nxb3 0-1